 Dungeon Crawl Stone Soup version 0.23.1 (webtiles) character file.

Game seed: 1656234518003479497

3793 Borgoz the Sneak (level 10, -8/86 HPs)
             Began as a Ghoul Monk on Mar 15, 2019.
             Was a Believer of Ashenzari.
             Mangled by a tentacled starspawn (9 damage)
             ... on level 2 of the Abyss.
             The game lasted 00:16:32 (7760 turns).

Borgoz the Sneak (Ghoul Monk)                       Turns: 7760, Time: 00:16:33

Health: -8/86      AC: 12    Str: 16    XL:     10   Next: 16%
Magic:  12/12      EV: 14    Int:  6    God:    Ashenzari [**....]
Gold:   376        SH:  0    Dex: 13    Spells: 10/14 levels left

rFire    . . .     SeeInvis +   t - +2 short sword (venom)
rCold    + . .     Gourm    .   (no shield)
rNeg     + + +     Faith    +   e - +0 ring mail
rPois    ∞         Spirit   .   n - +1 helmet {SInv}
rElec    .         Reflect  .   C - +0 cloak (curse)
rCorr    .         Harm     .   A - +0 pair of gloves
MR       .....                  f - +0 pair of boots
Stlth    +++.......             h - amulet of faith
HPRegen  0.00/turn              (no ring)
MPRegen  0.13/turn              (no ring)

@: rotting, studying Charms
A: rotting body, claws 1, carnivore, cold resistance 1, negative energy
resistance 3, inhibited regeneration, torment resistance, unbreathing
a: Curse Item, Scrying, Renounce Religion


You were on level 2 of the Abyss.
You worshipped Ashenzari.
Ashenzari was pleased with you.
You were not hungry.

You visited 2 branches of the dungeon, and saw 9 of its levels.
You visited the Abyss 1 time.

You collected 376 gold pieces.

Inventory:

Hand Weapons
 t - a +2 short sword of venom (weapon)
 D - a +0 dire flail of holy wrath
Missiles
 H - a throwing net (quivered)
Armour
 e - a +0 ring mail (worn)
 f - a +0 pair of boots (worn)
 n - a +1 helmet of see invisible (worn)
 v - a cursed -1 chain mail
 z - the +1 scale mail of the Elven Halls {rPois rC+}
   (You found it on level 6 of the Dungeon)

   It protects you from cold.
   It protects you from poison.
 A - a +0 pair of gloves (worn)
 C - a cursed +0 cloak (worn)
Jewellery
 h - an amulet of faith (around neck)
Wands
 i - a wand of scattershot (6)
 x - a wand of iceblast (8)
 y - a wand of paralysis (21)
 J - a wand of disintegration (15)
Scrolls
 a - a scroll of random uselessness {unknown}
 c - a scroll of enchant armour
 g - 2 scrolls of magic mapping {unknown}
 k - 3 scrolls of remove curse
 l - a scroll of noise {unknown}
 o - 2 scrolls of fog
 p - 5 scrolls of teleportation
 r - a scroll of identify
 B - a scroll of summoning
 E - a scroll of amnesia {unknown}
 F - 3 scrolls of fear {unknown}
Potions
 d - a potion of curing
 j - 4 potions of haste
 q - a potion of invisibility {unknown}
 s - 2 potions of flight
 u - a potion of cancellation
 w - a potion of might
 G - a potion of ambrosia {unknown}
Books
 m - a manual of Charms
Comestibles
 b - 17 rations
 I - 4 chunks of flesh


   Skills:
 + Level 7.4 Fighting
 + Level 5.2 Short Blades
 + Level 5.3 Armour
 + Level 6.1 Dodging
 + Level 7.4 Stealth
 - Level 3.6 Unarmed Combat
 + Level 2.5 Spellcasting
 + Level 2.4 Hexes


You had 10 spell levels left.
You knew the following spells:

 Your Spells              Type           Power        Failure   Level  Hunger
a - Cause Fear            Hex            #.........   94%         4    #####..

Your spell library contained the following spells:

 Spells                   Type           Power        Failure   Level  Hunger
 Corona                   Hex            #......      26%         1    ##.....
 Slow                     Hex            #.......     36%         2    ###....
 Ensorcelled Hibernation  Hex/Ice        #.....       54%         2    ###....
 Magic Dart               Conj           #...         56%         1    ##.....
 Confuse                  Hex            #.......     58%         3    ####...
 Tukima's Dance           Hex            #.......     58%         3    ####...
 Blink                    Tloc           N/A          71%         2    ###....
 Call Imp                 Summ           #.......     71%         2    ###....
 Dazzling Spray           Conj/Hex       #.....       77%         3    ####...
 Inner Flame              Hex/Fire       #.......     77%         3    ####...
 Portal Projectile        Hex/Tloc       #.....       77%         3    ####...
 Conjure Flame            Conj/Fire      #.......     91%         3    ####...
 Mephitic Cloud           Conj/Pois/Air  #.......     91%         3    ####...
 Leda's Liquefaction      Hex/Erth       #.........   99%         4    #####..


Dungeon Overview and Level Annotations

Branches:
Dungeon (8/15)             Temple (1/1) D:7
   Lair: D:8-11

Altars:
Ashenzari
Cheibriados
Dithmenos
Elyvilon
Fedhas
Gozag
Hepliaklqana
Kikubaaqudgha
Makhleb
Nemelex Xobeh
Okawaru
Qazlal
Ru
Sif Muna
Trog
Uskayaw
Vehumet
Xom
Yredelemnul
Zin
The Shining One

Annotations:
D:8 Psyche


Innate Abilities, Weirdness & Mutations

Your body is rotting away.
You thrive on raw meat.
You are immune to poison.
You have sharp fingernails.
You are carnivorous and can eat meat at any time.
Your flesh is cold resistant. (rC+)
You are immune to negative energy. (rN+++)
You do not regenerate when monsters are visible.
You are immune to unholy pain and torment.
You can survive without breathing.


Message History

The large abomination hits you but does no damage.
You hit the large abomination but do no damage.
The large abomination is lightly damaged.
The large abomination hits you but does no damage.
You hit the large abomination.
The large abomination is lightly damaged.
The large abomination hits you!!
You hit the large abomination but do no damage.
The large abomination is lightly damaged.
The large abomination hits you but does no damage.
A worldbinder comes into view.
Found 4 needles of sleeping.
Found 15 stones.
Found an uncursed eveningstar.
There is an open door here.
A tentacled starspawn comes into view.
The tentacled starspawn bites you!!
* * * LOW HITPOINT WARNING * * *
The tentacled starspawn engulfs you!
You die...

* # #.... ....# , ,
*,*, *##........ # *
* * *, , ..###+#'###
* * .........#∆, ≈ **
,.(.,.... #*, ≈ . ,,
*,,... .. #* ,
...,,,* , ,.# ##..##
* ,
,#..############..#,,
, #..@....X......#, ,
* #.....X############
, ** *#.......#*, , ,
, *#.......#,{ ,* *
.#..#.#..* ,* ,, , *,
, #.##.#.. *** *, *
,* #. ..##. * *# .#.
*#. ,, ,* * , *, , ,
*


You could see a tentacled starspawn and a large abomination.

Vanquished Creatures
  Harold (D:7)
  Pikel (D:7)
  Sigmund (D:6)
  A hungry ghost (D:7)
  A black bear (D:6)
  A slave (D:7)
  3 phantoms (D:5)
  An ice beast (D:8)
  2 sky beasts (D:7)
  A centaur (D:6)
  An ogre (D:6)
  3 bullfrogs
  2 scorpions
  3 killer bees (D:7)
  2 howler monkeys
  2 electric eels (D:6)
  4 crimson imps
  A bullfrog zombie (D:6)
  A hound (D:6)
  A jelly (D:8)
  5 orc priests
  2 bullfrog skeletons (D:7)
  6 orc wizards
  5 worker ants
  2 hound skeletons
  4 gnolls (D:2)
  14 adders
  A shadow imp (D:7)
  An adder zombie (D:8)
  2 worms
  11 dart slugs
  A leopard gecko (D:1)
  23 orcs
  A ball python (D:4)
  8 bats
  7 giant cockroaches
  6 goblins
  8 hobgoblins
  18 jackals
  5 kobolds
  6 quokkas
  7 frilled lizards
  A quokka zombie (D:7)
  5 rats
182 creatures vanquished.

Vanquished Creatures (others)
  A slave (D:7)
1 creature vanquished.

Grand Total: 183 creatures vanquished

Notes
Turn   | Place    | Note
-------+----------+-------------------------------------------
     0 | D:1      | Borgoz the Ghoul Monk began the quest for the Orb.
     0 | D:1      | Reached XP level 1. HP: 19/19 MP: 0/0
   298 | D:1      | Reached XP level 2. HP: 25/26 MP: 1/1
   612 | D:1      | Reached XP level 3. HP: 31/31 MP: 2/2
  1009 | D:1      | Reached skill level 1 in Armour
  1478 | D:2      | Reached XP level 4. HP: 18/40 MP: 3/3
  1750 | D:2      | Reached skill level 1 in Short Blades
  2048 | D:3      | Reached XP level 5. HP: 39/46 MP: 4/4
  2107 | D:3      | Found a white marble altar of Elyvilon.
  2239 | D:3      | Found a snail-covered altar of Cheibriados.
  2547 | D:3      | Found a stormy altar of Qazlal.
  2786 | D:4      | Reached XP level 6. HP: 29/53 MP: 5/5
  3255 | D:4      | Reached XP level 7. HP: 33/60 MP: 6/6
  3499 | D:4      | Found a radiant altar of Vehumet.
  3499 | D:4      | Found an ancient bone altar of Kikubaaqudgha.
  3500 | D:4      | Found a deep blue altar of Sif Muna.
  3505 | D:4      | Identified Vehumet's Papyrus of Conjuration
  3670 | D:5      | Entered Level 5 of the Dungeon
  3768 | D:5      | Reached skill level 5 in Fighting
  4071 | D:5      | Found a shattered altar of Ashenzari.
  4072 | D:5      | Found a sparkling altar of Nemelex Xobeh.
  4081 | D:5      | Became a worshipper of Ashenzari the Shackled
  4081 | D:5      | Reached * piety under Ashenzari
  4081 | D:5      | Reached ** piety under Ashenzari
  4440 | D:5      | Reached skill level 5 in Stealth
  4440 | D:5      | Reached XP level 8. HP: 42/68 MP: 7/7
  4827 | D:6      | Noticed Sigmund
  4836 | D:6      | Killed Sigmund
  5210 | D:6      | Reached skill level 5 in Dodging
  5654 | D:6      | Got the uncursed scale mail of the Elven Halls {rPois rC+}
  5867 | D:6      | Reached XP level 9. HP: 39/77 MP: 8/8
  6408 | D:7      | Learned a level 4 spell: Cause Fear
  6428 | D:7      | Found a white marble altar of Elyvilon.
  6439 | D:7      | Noticed Pikel
  6467 | D:7      | Killed Pikel
  6467 | D:7      | Reached skill level 1 in Spellcasting
  6467 | D:7      | Reached skill level 1 in Hexes
  6901 | D:7      | Noticed Harold
  6902 | D:7      | Found a staircase to the Ecumenical Temple.
  6927 | D:7      | Reached skill level 5 in Armour
  6938 | D:7      | Killed Harold
  6938 | D:7      | Reached skill level 5 in Short Blades
  6938 | D:7      | Reached XP level 10. HP: 19/86 MP: 10/12
  7142 | Temple   | Entered the Ecumenical Temple
  7664 | D:8      | Noticed Psyche
  7672 | D:8      | Cast into level 2 of the Abyss (Psyche)
  7692 | Abyss:2  | Noticed a cacodemon
  7692 | Abyss:2  | Noticed a sixfirhy
  7737 | Abyss:2  | Noticed a worldbinder
  7758 | Abyss:2  | Noticed a tentacled starspawn
  7760 | Abyss:2  | HP: 1/86 [tentacled starspawn (34)]
  7760 | Abyss:2  | Mangled by a tentacled starspawn

Skill      XL: |  1  2  3  4  5  6  7  8  9 |
---------------+----------------------------+-----
Armour         | 1 2 3 4 5 |  5.3
Dodging        | 3 4 5 6 |  6.1
Stealth        | 3 4 5 6 7 |  7.4
Short Blades   | 1 2 3 4 5 |  5.2
Fighting       | 4 5 6 7 |  7.4
Spellcasting   | 2 |  2.5
Hexes          | 2 |  2.4
Unarmed Combat | |  3.6

Action                   |  1- 3 |  4- 6 |  7- 9 | 10-12 || total
-------------------------+-------+-------+-------+-------++-------
Melee: Unarmed           |    75 |       |       |       ||    75
       Short sword       |    43 |   199 |   408 |    51 ||   701
       Punch             |     1 |     2 |     5 |     2 ||    10
Throw: Throwing net      |       |       |     1 |       ||     1
  Use: Potion            |       |     2 |     4 |       ||     6
       Scroll            |       |       |    11 |       ||    11
 Stab: Sleeping          |     4 |     5 |    12 |     1 ||    22
       Distracted        |     1 |       |       |       ||     1
  Eat: Chunk             |     8 |    22 |    24 |     6 ||    60
Armor: Robe              |    35 |    36 |       |       ||    71
       Leather armour    |       |    19 |    46 |       ||    65
       Ring mail         |       |       |    80 |    16 ||    96
Dodge: Dodged            |   102 |   151 |   286 |    32 ||   571
